 Dungeon Crawl Stone Soup version 0.15-a0-2130-g28e4b74 (webtiles) character file.

1163 jzilla the Magician (level 8, -4/45 (48) HPs)
             Began as a High Elf Wizard on July 16, 2014.
             Killed from afar by an orc wizard (9 damage)
             ... with a magic dart
             ... on Level 6 of the Dungeon on July 17, 2014.
             The game lasted 01:58:13 (9374 turns).

jzilla the Magician (High Elf Wizard)               Turns: 9374, Time: 01:58:13

HP  -4/45 (48)   AC  9     Str  6      XL: 8   Next: 17%
MP  14/24        EV 15     Int 25      God:
Gold 288         SH  0     Dex 13      Spells:  4 memorised, 11 levels left

rFire  . . .     SeeInvis +     l - +0 dagger (drain)
rCold  . . .     Clarity  .     s - +2 robe
rNeg   . . .     rCorr    .     (no shield)
rPois  .         rRot     .     b - +0 hat
rElec  .         Spirit   .     n - +2 cloak {+Inv}
SustAb .         Warding  .     m - +0 pair of gloves
rMut   .         Stasis   .     v - +0 pair of boots
Gourm  .                        (no amulet)
MR     .....                    (no ring)
                                u - ring of see invisible

@: slowed, very slow, not resistant to hostile enchantments, unstealthy
A: no striking features
a: Evoke Invisibility


You were on level 6 of the Dungeon.
You were not hungry.

You visited 1 branch of the dungeon, and saw 6 of its levels.
You also visited: Sewer.

You collected 288 gold pieces.

Inventory:

Hand weapons
 e - a +0 dagger
 h - a +0 dagger
 i - a +0 dagger
 l - a +0 dagger of draining (weapon)
 o - a +3 dagger
Missiles
 j - 141 stones (quivered)
 t - 2 throwing nets
Armour
 b - a +0 hat (worn)
 m - a +0 pair of gloves (worn)
 n - a +2 cloak of darkness (worn)
 s - a +2 robe (worn)
 v - a +0 pair of boots (worn)
Magical devices
 f - a wand of teleportation (1)
 w - a wand of frost (0)
 z - a wand of slowing (7)
Comestibles
 d - a bread ration
 B - 7 chunks of centaur flesh
Scrolls
 p - a scroll of random uselessness
 q - a scroll of identify
 x - 2 scrolls of teleportation
 y - a scroll of noise {unknown}
 D - a scroll of enchant weapon
 F - a scroll of recharging {unknown}
Jewellery
 u - a ring of see invisible (left hand)
Potions
 g - 2 potions of might
 k - a potion of decay
 A - a potion of degeneration {unknown}
 E - a potion of flight {unknown}
Books
 c - a book of Minor Magic

   Spells                             Type                      Level
   *Magic Dart                        Conjuration                  1
   *Blink                             Translocation                2
   Call Imp                           Summoning                    2
   Repel Missiles                     Charms/Air                   2
   Slow                               Hexes                        2
   *Conjure Flame                     Conjuration/Fire             3
   *Mephitic Cloud                    Conjuration/Poison/Air       3
 r - a book of Control

   Spells                             Type                      Level
   Control Teleport                   Charms/Translocation         4
   Control Undead                     Necromancy                   4
   Enslavement                        Hexes                        4
   Metabolic Englaciation             Hexes/Ice                    5
   Mass Confusion                     Hexes                        6


   Skills:
 + Level 1.3 Fighting
 * Level 5.0 Short Blades
 + Level 1.8 Throwing
 + Level 6.0 Dodging
 + Level 3.3 Stealth
 + Level 6.6 Spellcasting
 + Level 3.4 Conjurations
   Level 0.8 Summonings
 + Level 1.3 Translocations
 + Level 0.1 Poison Magic


You had 11 spell levels left.
You knew the following spells:

 Your Spells              Type           Power        Failure   Level  Hunger
a - Magic Dart            Conj           ####         1%          1    None
b - Blink                 Tloc           N/A          8%          2    None
c - Conjure Flame         Conj/Fire      ###.....     12%         3    None
d - Mephitic Cloud        Conj/Pois/Air  ##......     14%         3    None


Dungeon Overview and Level Annotations

Branches:
Dungeon (6/15)
 Temple: D:4-7

Altars:
Cheibriados
Okawaru
Xom


Message History

The orc wizard is moderately wounded.
Casting: Magic Dart
Confirm with . or Enter, or press ? or * to list all spells.
You blink.
Casting: Blink
Confirm with . or Enter, or press ? or * to list all spells.
Aiming: Magic Dart
Press: ? - help, Shift-Dir - straight line, f/p - orc wizard
Aim: an orc wizard, wielding a dagger and wearing a robe (moderately wounded, fast)
The magic dart hits the orc wizard.
The orc wizard is heavily wounded.
The orc wizard casts a spell at you. The magic dart hits you!
* * * LOW HITPOINT WARNING * * *
Casting: Magic Dart
Confirm with . or Enter, or press ? or * to list all spells.
You blink.
The orc wizard gestures at you while chanting.
The magic dart hits you!
You die...

##### #...
##### ##.##
...# ##..ยง## #
#.###...o.# #.
#..>.....@#
#.###.###.....#
#.....# ##....#
###.### ##.#.#
#.# #.#.# #.#
#...####....
#.#
###...oo?...
#.# #)######.#
#.# #.#


You could see an orc wizard.

Vanquished Creatures
  A sky beast (D:6)
  An ogre (D:4)
  2 centaurs
  A giant frog (D:5)
  A goliath beetle (D:6)
  3 orc priests
  A crimson imp (D:5)
  6 orc wizards
  A giant frog skeleton (D:6)
  4 worker ants
  Ijyb (D:1)
  Jessica (D:2)
  Terence (D:3)
  A worker ant zombie (D:5)
  4 gnolls
  6 adders
  2 green rats (D:4)
  A shadow imp (D:6)
  A giant mite (D:4)
  5 worms
  4 oozes
  20 orcs
  11 hobgoblins
  12 kobolds
  A quokka (D:2)
  A ball python (D:4)
  18 bats
  4 giant cockroaches
  7 giant geckos
  9 giant newts
  11 goblins
  8 jackals
  10 rats
160 creatures vanquished.

Notes
Turn   | Place    | Note
--------------------------------------------------------------
     0 | D:1      | jzilla, the High Elf Wizard, began the quest for the Orb.
     0 | D:1      | Reached XP level 1. HP: 11/11 MP: 5/5
   390 | D:1      | Reached skill level 4 in Spellcasting
   564 | D:1      | Reached XP level 2. HP: 13/17 MP: 4/8
  1108 | D:2      | Noticed Ijyb
  1175 | D:1      | Killed Ijyb
  1175 | D:1      | Reached XP level 3. HP: 16/21 MP: 0/11
  1214 | D:2      | Reached skill level 1 in Short Blades
  1357 | D:2      | Learned a level 2 spell: Blink
  1470 | D:2      | Noticed Jessica
  1501 | D:2      | Killed Jessica
  1501 | D:2      | Reached XP level 4. HP: 18/27 MP: 11/15
  2165 | D:2      | Reached skill level 5 in Spellcasting
  2764 | D:3      | Reached XP level 5. HP: 25/31 MP: 10/18
  2837 | D:3      | Noticed Terence
  2981 | D:2      | Learned a level 3 spell: Conjure Flame
  3789 | D:3      | Reached skill level 1 in Throwing
  4156 | D:3      | Killed Terence
  4653 | D:4      | Found an iron altar of Okawaru.
  4727 | D:4      | Reached XP level 6. HP: 33/33 MP: 1/20
  4976 | D:4      | Learned a level 3 spell: Mephitic Cloud
  5009 | D:4      | Found a glowing drain.
  5024 | Sewer    | Entered a sewer
  5827 | D:5      | Entered Level 5 of the Dungeon
  6386 | D:4      | Found a snail-covered altar of Cheibriados.
  6386 | D:4      | Found a shimmering altar of Xom.
  7092 | D:4      | Reached XP level 7. HP: 35/39 MP: 17/22
  7384 | D:3      | Reached skill level 1 in Fighting
  7870 | D:5      | Reached skill level 6 in Spellcasting
  7883 | D:5      | Reached skill level 5 in Dodging
  8726 | D:6      | Upgraded the game from 0.15-a0-2123-gb18dd36 to 0.15-a0-2130-g28e4b74
  8757 | D:6      | Reached XP level 8. HP: 27/45 MP: 18/24
  9228 | D:6      | Reached skill level 5 in Short Blades
  9374 | D:6      | Killed from afar by an orc wizard

Action                   |  1- 3 |  4- 6 |  7- 9 || total
-------------------------+-------+-------+-------++-------
Melee: Dagger            |    50 |   188 |   191 ||   429
Throw: Stone             |    22 |   261 |    10 ||   293
       Throwing net      |       |     2 |       ||     2
 Cast: Magic Dart        |    56 |   271 |    76 ||   403
       Blink             |     2 |     4 |     7 ||    13
       Conjure Flame     |       |     4 |       ||     4
       Mephitic Cloud    |       |     2 |       ||     2
Evoke: Wand              |       |     1 |     2 ||     3
  Use: Scroll            |     3 |     6 |     1 ||    10
       Potion            |     1 |     6 |     1 ||     8
  Eat: Chunk             |     1 |    16 |     3 ||    20
       Beef jerky        |       |     2 |       ||     2
       Bread ration      |       |       |     1 ||     1
